General information
- name: BNet
- type: Ladder team game (AT/RT)
- host: Battle.net
- saver: Swandeath
map: Deadlands
- players: 8
- length: 31:21
- speed: Fast
- version: 1.26 W3XP
- replay type: Public
» download(217 KB)
Players
team 1 (loser)
tinker-bot-top (
purple | 83 APM | 2603 actions | 31:20)
9 Archmage
3 Summon Water Elemental
3 Brilliance Aura
2 Blizzard
1 Mass Teleport
1 Priestess of the Moon
1 Searing Arrows
» actions
| Assign group hotkey | 38 | |
| Basic commands | 6 | |
| Build / train | 87 | |
| Enter build submenu | 23 | |
| Enter hero's abilities submenu | 11 | |
| Give item / drop item | 4 | |
| Remove unit from queue | 2 | |
| Right click | 1158 | |
| Select / deselect | 267 | |
| Select group hotkey | 881 | |
| Use ability | 126 | |
2603 total
» units
| Peasant | 14 | |
| Footman | 4 | |
| Gryphon Rider | 3 | |
| Goblin Shredder | 1 | |
| Frost Wyrm | 6 | |
| Dragonhawk Rider | 2 | |
30 total
» upgrades
| Masonry | 3 | |
| Lumber Harvesting | 2 | |
| Swords | 3 | |
| Animal War Training | 1 | |
| Armor | 3 | |
| Cloud | 2 | |
| Storm Hammers | 2 | |
16 total
» buildings
| Altar of Kings | 1 | |
| Barracks | 1 | |
| Farm | 11 | |
| Scout Tower | 27 | |
| Lumber Mill | 1 | |
| Arcane Tower | 1 | |
| Arcane Vault | 1 | |
| Town Hall | 3 | |
| Keep | 1 | |
| Guard Tower | 9 | |
| Blacksmith | 1 | |
| Castle | 2 | |
| Gryphon Aviary | 4 | |
63 total
» build order
00:10 Altar of Kings
00:22 Barracks
00:38 Farm
00:52 Farm
01:28 Farm
01:40 Scout Tower
01:57 Lumber Mill
02:32 Arcane Tower
02:51 Farm
03:57 Arcane Vault
04:53 Town Hall
04:57 Scout Tower
04:57 Scout Tower
04:58 Scout Tower
04:59 Scout Tower
05:22 Keep
05:28 Guard Tower
06:14 Scout Tower
06:14 Scout Tower
06:14 Scout Tower
06:15 Scout Tower
06:47 Guard Tower
06:49 Guard Tower
07:12 Blacksmith
07:43 Castle
07:43 Castle
07:47 Gryphon Aviary
07:48 Gryphon Aviary
07:49 Gryphon Aviary
07:54 Scout Tower
07:54 Scout Tower
07:55 Scout Tower
07:55 Scout Tower
08:21 Farm
09:17 Guard Tower
09:45 Farm
11:07 Farm
11:07 Farm
11:08 Farm
11:08 Farm
11:09 Farm
12:36 Gryphon Aviary
13:44 Town Hall
15:34 Scout Tower
15:34 Scout Tower
15:34 Scout Tower
15:35 Scout Tower
15:36 Scout Tower
15:37 Scout Tower
16:57 Guard Tower
18:42 Scout Tower
18:42 Scout Tower
18:42 Scout Tower
18:43 Scout Tower
18:43 Scout Tower
18:44 Scout Tower
18:44 Scout Tower
18:44 Scout Tower
19:50 Guard Tower
21:11 Guard Tower
23:25 Town Hall
» items
| Scroll of Regeneration | 2 | |
| Staff of Teleportation | 1 | |
| Potion of Lesser Invulnerability | 1 | |
| Tome of Retraining | 1 | |
| Potion of Invisibility | 1 | |
| Scroll of Town Portal | 2 | |
| Staff of Sanctuary | 1 | |
9 total
JustStrolling (
green | 38 APM | 996 actions | 26:18)
4 Archmage
2 Summon Water Elemental
2 Brilliance Aura
3 Mountain King
2 Storm Bolt
1 Bash
1 Priestess of the Moon
1 Trueshot Aura
» actions
| Basic commands | 1 | |
| Build / train | 79 | |
| Enter build submenu | 16 | |
| Enter hero's abilities submenu | 8 | |
| Give item / drop item | 5 | |
| Remove unit from queue | 2 | |
| Right click | 395 | |
| Select / deselect | 437 | |
| Use ability | 53 | |
996 total
» units
| Peasant | 13 | |
| Footman | 10 | |
| Gryphon Rider | 6 | |
| Flying Machine | 11 | |
| Siege Engine | 4 | |
44 total
» upgrades
| Swords | 1 | |
| Armor | 2 | |
| Storm Hammers | 1 | |
| Flak Cannons | 1 | |
| Animal War Training | 1 | |
| Gunpowder | 1 | |
| Plating | 1 | |
| Barrage | 1 | |
9 total
» buildings
| Altar of Kings | 1 | |
| Farm | 8 | |
| Barracks | 1 | |
| Arcane Vault | 1 | |
| Keep | 1 | |
| Lumber Mill | 1 | |
| Blacksmith | 1 | |
| Castle | 1 | |
| Gryphon Aviary | 2 | |
| Workshop | 1 | |
18 total
» build order
00:11 Altar of Kings
00:22 Farm
00:31 Barracks
00:41 Farm
01:36 Farm
02:09 Arcane Vault
02:17 Farm
03:12 Farm
04:39 Keep
05:13 Lumber Mill
07:09 Blacksmith
09:06 Castle
09:44 Gryphon Aviary
09:47 Gryphon Aviary
11:10 Farm
11:15 Farm
11:35 Workshop
19:55 Farm
» items
| Scroll of Regeneration | 4 | |
| Lesser Clarity Potion | 2 | |
| Potion of Healing | 1 | |
| Scroll of Town Portal | 4 | |
11 total
uck81 (
orange | 51 APM | 794 actions | 15:33)
4 Priestess of the Moon
2 Trueshot Aura
2 Searing Arrows
2 Keeper of the Grove
1 Entangling Roots
1 Thorns Aura
» actions
| Assign group hotkey | 20 | |
| Basic commands | 40 | |
| Build / train | 90 | |
| Enter build submenu | 19 | |
| Enter hero's abilities submenu | 6 | |
| Give item / drop item | 6 | |
| Remove unit from queue | 4 | |
| Right click | 192 | |
| Select / deselect | 138 | |
| Select group hotkey | 232 | |
| Use ability | 47 | |
794 total
» units
| Wisp | 24 | |
| Archer | 34 | |
| Glaive Thrower | 3 | |
61 total
» upgrades
| Improved Bows | 1 | |
| Strength of the Moon | 3 | |
| Marksmanship | 1 | |
| Nature's Blessing | 1 | |
| Moon Armor | 1 | |
| Ultravision | 1 | |
| Well Spring | 1 | |
| Vorpal Blades | 1 | |
10 total
» buildings
| Altar of Elders | 1 | |
| Moon Well | 7 | |
| Ancient of War | 2 | |
| Tree of Ages | 1 | |
| Hunter's Hall | 1 | |
| Tree of Life | 1 | |
| Ancient of Wonders | 1 | |
| Tree of Eternity | 1 | |
| Ancient Protector | 4 | |
19 total
» build order
00:06 Altar of Elders
00:26 Moon Well
00:39 Ancient of War
01:32 Moon Well
01:37 Moon Well
02:50 Tree of Ages
04:14 Moon Well
04:19 Hunter's Hall
04:38 Tree of Life
05:05 Ancient of Wonders
06:51 Ancient of War
07:57 Tree of Eternity
08:39 Ancient Protector
09:31 Moon Well
09:53 Ancient Protector
09:59 Ancient Protector
10:30 Moon Well
11:04 Ancient Protector
13:42 Moon Well
» items
| Scroll of Healing | 1 | |
| Staff of Preservation | 1 | |
| Scroll of Town Portal | 1 | |
3 total

»
234Rich (
blue | 26 APM | 452 actions | 17:06)
3 Pit Lord
1 Howl of Terror
1 Cleaving Attack
1 Rain of Fire
1 Death Knight
1 Death Coil
» actions
| Build / train | 37 | |
| Enter build submenu | 17 | |
| Enter hero's abilities submenu | 4 | |
| Right click | 206 | |
| Select / deselect | 160 | |
| Use ability | 26 | |
452 total
» units
| Acolyte | 3 | |
| Ghoul | 9 | |
| Goblin Shredder | 1 | |
| Frost Wyrm | 4 | |
17 total
» upgrades
| Creature Attack | 2 | |
| Creature Carapace | 2 | |
| Freezing Breath | 1 | |
5 total
» buildings
| Altar of Darkness | 1 | |
| Crypt | 1 | |
| Ziggurat | 5 | |
| Graveyard | 1 | |
| Halls of the Dead | 1 | |
| Tomb of Relics | 1 | |
| Spirit Tower | 2 | |
| Nerubian Tower | 2 | |
| Black Citadel | 2 | |
| Sacrificial Pit | 1 | |
| Boneyard | 3 | |
20 total
» build order
00:10 Altar of Darkness
00:20 Crypt
00:43 Ziggurat
01:25 Ziggurat
02:38 Graveyard
03:44 Halls of the Dead
03:50 Tomb of Relics
04:33 Ziggurat
04:45 Ziggurat
05:11 Ziggurat
06:20 Spirit Tower
06:21 Nerubian Tower
06:22 Spirit Tower
06:24 Nerubian Tower
06:28 Black Citadel
06:28 Black Citadel
08:17 Sacrificial Pit
09:26 Boneyard
09:31 Boneyard
09:35 Boneyard
» items
| Boots of Speed | 1 | |
| Orb of Corruption | 1 | |
2 total
team 2 (winner)
Swandeath (
yellow | 114 APM | 3575 actions | 31:21)
8 Archmage
3 Summon Water Elemental
3 Brilliance Aura
1 Mass Teleport
1 Blizzard
1 Shadow Hunter
1 Hex
» actions
| Assign group hotkey | 230 | |
| Basic commands | 183 | |
| Build / train | 180 | |
| ESC pressed | 1 | |
| Enter build submenu | 47 | |
| Enter hero's abilities submenu | 9 | |
| Give item / drop item | 19 | |
| Remove unit from queue | 7 | |
| Right click | 1074 | |
| Select / deselect | 442 | |
| Select group hotkey | 1078 | |
| Use ability | 304 | |
3575 total
» units
| Peasant | 15 | |
| Footman | 4 | |
| Dragonhawk Rider | 2 | |
| Goblin Zeppelin | 10 | |
| Gryphon Rider | 5 | |
| Goblin Shredder | 3 | |
| Goblin Sapper | 6 | |
| Siege Engine | 2 | |
47 total
» upgrades
| Masonry | 3 | |
| Swords | 3 | |
| Lumber Harvesting | 2 | |
| Armor | 3 | |
| Animal War Training | 1 | |
| Storm Hammers | 1 | |
| Cloud | 1 | |
| Plating | 3 | |
| Gunpowder | 3 | |
| Barrage | 1 | |
| Fragmentation Shards | 1 | |
| Flare | 1 | |
| Flak Cannons | 1 | |
24 total
» buildings
| Altar of Kings | 1 | |
| Barracks | 1 | |
| Farm | 11 | |
| Arcane Vault | 1 | |
| Scout Tower | 24 | |
| Arcane Tower | 8 | |
| Town Hall | 1 | |
| Keep | 4 | |
| Lumber Mill | 1 | |
| Guard Tower | 29 | |
| Blacksmith | 1 | |
| Gryphon Aviary | 4 | |
| Castle | 3 | |
| Workshop | 4 | |
93 total
» build order
00:47 Altar of Kings
00:49 Barracks
00:51 Farm
01:10 Farm
01:22 Farm
02:04 Arcane Vault
02:11 Farm
02:31 Scout Tower
03:12 Arcane Tower
03:12 Arcane Tower
04:04 Town Hall
04:08 Scout Tower
04:09 Scout Tower
04:22 Scout Tower
04:25 Scout Tower
04:28 Scout Tower
04:28 Scout Tower
04:29 Scout Tower
04:30 Scout Tower
04:32 Scout Tower
04:46 Keep
04:46 Keep
04:46 Keep
05:02 Lumber Mill
05:25 Arcane Tower
05:25 Arcane Tower
06:13 Guard Tower
06:13 Guard Tower
06:13 Guard Tower
06:35 Blacksmith
07:08 Gryphon Aviary
07:30 Gryphon Aviary
07:44 Castle
07:45 Castle
07:51 Guard Tower
08:16 Guard Tower
08:16 Guard Tower
08:16 Guard Tower
10:45 Farm
10:46 Farm
15:06 Farm
15:06 Farm
17:39 Scout Tower
17:45 Scout Tower
17:46 Scout Tower
17:46 Scout Tower
17:56 Scout Tower
18:02 Scout Tower
18:02 Scout Tower
18:06 Scout Tower
18:11 Scout Tower
18:13 Guard Tower
18:13 Guard Tower
18:13 Guard Tower
18:18 Guard Tower
18:18 Guard Tower
18:18 Guard Tower
18:20 Gryphon Aviary
18:22 Gryphon Aviary
18:32 Guard Tower
18:33 Guard Tower
18:33 Guard Tower
18:36 Guard Tower
18:43 Guard Tower
18:43 Guard Tower
19:38 Workshop
19:39 Workshop
19:42 Workshop
19:50 Workshop
21:38 Scout Tower
21:39 Scout Tower
21:40 Scout Tower
24:31 Guard Tower
24:31 Guard Tower
24:46 Farm
24:46 Farm
24:48 Farm
24:51 Scout Tower
24:52 Scout Tower
25:23 Guard Tower
25:24 Guard Tower
» items
| Healing Salve | 2 | |
| Staff of Teleportation | 1 | |
| Periapt of Vitality | 1 | |
| Lesser Clarity Potion | 1 | |
| Mechanical Critter | 2 | |
| Scroll of Regeneration | 4 | |
| Staff of Sanctuary | 1 | |
| Potion of Healing | 1 | |
| Scroll of Town Portal | 1 | |
14 total
thepantheist (
red | 139 APM | 4080 actions | 29:16)
6 Mountain King
3 Storm Bolt
2 Bash
1 Avatar
4 Blood Mage
3 Banish
1 Siphon Mana
» actions
| Assign group hotkey | 35 | |
| Basic commands | 182 | |
| Build / train | 134 | |
| ESC pressed | 18 | |
| Enter build submenu | 62 | |
| Enter hero's abilities submenu | 9 | |
| Give item / drop item | 7 | |
| Right click | 1070 | |
| Select / deselect | 714 | |
| Select group hotkey | 1677 | |
| Use ability | 172 | |
4080 total
» units
| Peasant | 36 | |
| Footman | 11 | |
| Gryphon Rider | 6 | |
| Goblin Shredder | 1 | |
| Sorceress | 3 | |
| Priest | 1 | |
58 total
» upgrades
| Swords | 3 | |
| Lumber Harvesting | 2 | |
| Masonry | 2 | |
| Storm Hammers | 1 | |
| Armor | 2 | |
| Sorceress Training | 2 | |
| Priest Training | 3 | |
15 total
» buildings
| Farm | 18 | |
| Altar of Kings | 1 | |
| Barracks | 1 | |
| Lumber Mill | 3 | |
| Town Hall | 2 | |
| Scout Tower | 22 | |
| Arcane Tower | 6 | |
| Guard Tower | 15 | |
| Arcane Vault | 4 | |
| Blacksmith | 1 | |
| Keep | 1 | |
| Castle | 1 | |
| Gryphon Aviary | 3 | |
| Arcane Sanctum | 3 | |
81 total
» build order
00:11 Farm
00:14 Altar of Kings
00:25 Barracks
00:48 Farm
01:39 Farm
03:04 Farm
03:31 Lumber Mill
04:46 Town Hall
04:55 Scout Tower
05:00 Scout Tower
05:08 Scout Tower
05:12 Farm
05:23 Arcane Tower
05:27 Guard Tower
05:27 Guard Tower
05:32 Scout Tower
05:54 Arcane Vault
06:14 Blacksmith
06:15 Guard Tower
06:27 Farm
06:32 Arcane Tower
06:34 Scout Tower
06:54 Keep
06:59 Farm
07:10 Guard Tower
07:11 Guard Tower
07:18 Scout Tower
07:24 Scout Tower
07:26 Farm
07:49 Farm
07:50 Farm
09:15 Guard Tower
09:15 Guard Tower
09:16 Castle
09:19 Guard Tower
09:24 Lumber Mill
09:39 Scout Tower
10:10 Gryphon Aviary
10:11 Gryphon Aviary
10:15 Gryphon Aviary
10:43 Guard Tower
11:30 Farm
13:10 Arcane Vault
13:28 Arcane Vault
17:11 Scout Tower
17:11 Scout Tower
17:12 Scout Tower
17:13 Scout Tower
17:26 Scout Tower
17:26 Scout Tower
17:32 Farm
17:55 Guard Tower
17:58 Scout Tower
18:00 Scout Tower
18:09 Scout Tower
18:10 Scout Tower
18:11 Scout Tower
18:31 Guard Tower
18:33 Arcane Tower
18:33 Arcane Tower
18:38 Scout Tower
18:38 Scout Tower
18:49 Lumber Mill
19:06 Arcane Tower
19:07 Guard Tower
19:07 Guard Tower
19:15 Town Hall
19:44 Guard Tower
19:53 Arcane Vault
21:29 Arcane Sanctum
21:32 Arcane Sanctum
23:06 Arcane Sanctum
23:07 Farm
23:09 Farm
24:18 Farm
24:19 Farm
24:20 Farm
24:20 Farm
» items
| Scroll of Regeneration | 5 | |
| Lesser Clarity Potion | 4 | |
| Potion of Healing | 3 | |
| Potion of Mana | 2 | |
| Scroll of Town Portal | 3 | |
| Staff of Sanctuary | 1 | |
| Orb of Fire | 1 | |
| Potion of Lesser Invulnerability | 1 | |
20 total
jayspence24 (
teal | 31 APM | 922 actions | 29:40)
5 Paladin
3 Holy Light
2 Divine Shield
» actions
| Basic commands | 7 | |
| Build / train | 95 | |
| Enter build submenu | 35 | |
| Enter hero's abilities submenu | 5 | |
| Give item / drop item | 6 | |
| Remove unit from queue | 1 | |
| Right click | 390 | |
| Select / deselect | 285 | |
| Use ability | 98 | |
922 total
» units
| Peasant | 13 | |
| Footman | 10 | |
| Knight | 6 | |
| Goblin Shredder | 1 | |
30 total
» upgrades
| Defend | 1 | |
| Masonry | 2 | |
| Lumber Harvesting | 2 | |
| Swords | 3 | |
| Plating | 2 | |
| Animal War Training | 1 | |
11 total
» buildings
| Farm | 7 | |
| Altar of Kings | 1 | |
| Barracks | 2 | |
| Lumber Mill | 1 | |
| Arcane Vault | 1 | |
| Keep | 2 | |
| Scout Tower | 14 | |
| Town Hall | 2 | |
| Guard Tower | 9 | |
| Blacksmith | 1 | |
| Castle | 1 | |
41 total
» build order
00:13 Farm
00:17 Altar of Kings
00:20 Barracks
01:39 Lumber Mill
01:50 Farm
02:00 Farm
03:15 Farm
04:15 Farm
04:24 Arcane Vault
05:39 Keep
05:45 Scout Tower
06:18 Town Hall
06:29 Guard Tower
06:33 Blacksmith
06:55 Scout Tower
07:01 Scout Tower
07:06 Scout Tower
07:25 Scout Tower
07:26 Guard Tower
07:33 Scout Tower
07:36 Scout Tower
07:39 Guard Tower
07:58 Farm
09:30 Guard Tower
09:53 Castle
10:00 Barracks
16:05 Farm
16:31 Scout Tower
17:13 Guard Tower
17:15 Scout Tower
17:50 Guard Tower
18:52 Scout Tower
22:38 Town Hall
23:15 Keep
24:05 Scout Tower
24:36 Guard Tower
24:39 Scout Tower
25:16 Guard Tower
25:27 Scout Tower
25:31 Scout Tower
27:02 Guard Tower
» items
| Scroll of Regeneration | 6 | |
| Lesser Clarity Potion | 3 | |
| Boots of Speed | 1 | |
| Scroll of Protection | 2 | |
| Potion of Healing | 7 | |
| Potion of Mana | 4 | |
| Potion of Lesser Invulnerability | 1 | |
| Scroll of Healing | 1 | |
| Scroll of Town Portal | 4 | |
| Orb of Fire | 1 | |
| Ivory Tower | 5 | |
35 total

»
pattier (
pink | 54 APM | 1562 actions | 28:51)
5 Blademaster
1 Wind Walk
3 Critical Strike
1 Mirror Image
3 Shadow Hunter
2 Healing Wave
1 Serpent Ward
» actions
| Assign group hotkey | 28 | |
| Build / train | 85 | |
| Enter build submenu | 27 | |
| Enter hero's abilities submenu | 8 | |
| Right click | 804 | |
| Select / deselect | 235 | |
| Select group hotkey | 296 | |
| Use ability | 79 | |
1562 total
» units
| Peon | 8 | |
| Grunt | 16 | |
| Goblin Shredder | 1 | |
| Shaman | 9 | |
| Tauren | 4 | |
| Wind Rider | 5 | |
43 total
» upgrades
| Spiked Barricades | 2 | |
| Pillage | 1 | |
| Melee Weapons | 3 | |
| Armor | 3 | |
| Berserker Strength | 1 | |
| Shaman Training | 2 | |
| Reinforced Defenses | 1 | |
| Pulverize | 1 | |
| Backpack | 1 | |
| Ranged Weapons | 3 | |
| Envenomed Spears | 1 | |
19 total
» buildings
| Altar of Storms | 1 | |
| Orc Burrow | 6 | |
| Barracks | 2 | |
| War Mill | 2 | |
| Voodoo Lounge | 1 | |
| Watch Tower | 13 | |
| Great Hall | 1 | |
| Stronghold | 1 | |
| Fortress | 1 | |
| Spirit Lodge | 2 | |
| Tauren Totem | 2 | |
| Beastiary | 2 | |
34 total
» build order
00:23 Altar of Storms
00:30 Orc Burrow
01:10 Barracks
01:17 War Mill
01:57 Barracks
02:06 Voodoo Lounge
02:46 Orc Burrow
03:02 Watch Tower
05:15 Orc Burrow
05:23 Watch Tower
05:41 Orc Burrow
07:54 Great Hall
07:59 Orc Burrow
08:02 Orc Burrow
08:05 Watch Tower
08:07 Watch Tower
08:16 Watch Tower
08:26 Watch Tower
08:31 Watch Tower
08:33 Watch Tower
08:34 Watch Tower
09:35 Watch Tower
09:38 Watch Tower
09:40 Watch Tower
09:42 Watch Tower
09:57 Stronghold
11:27 War Mill
12:25 Fortress
12:35 Spirit Lodge
13:13 Spirit Lodge
15:52 Tauren Totem
15:57 Tauren Totem
20:41 Beastiary
20:49 Beastiary
» items
| Healing Salve | 3 | |
| Lesser Clarity Potion | 3 | |
| Potion of Mana | 3 | |
| Orb of Lightning | 2 | |
11 total
Chat log
(00:40 / Allies) pattier: hey
(00:43 / Allies) pattier: plan/units?
(00:48 / All) tinker-bot-top: howdy
(01:34 / Allies) pattier: grunts/tauren/shams
(02:35 / All) tinker-bot-top: meh am stuck
(02:48 / All) Swandeath: WC3 pathing is gay that it does shit like that
(02:56 / All) Swandeath: can have it at an angle, the rally point
(03:00 / All) Swandeath: goes in the trees
(04:58 / All) Swandeath: holy fuck it's 2014 stop lagging
(07:32 / Allies) Swandeath: wood
(07:44 / Allies) Swandeath: ty
(07:44 / Allies) pattier: gold?
(09:02 / Allies) jayspence24: wtf yellow fuck u
(09:08 / Allies) Swandeath: it's a +6 robe dude
(09:13 / Allies) Swandeath: for am
(09:16 / Allies) Swandeath: it's +int
(09:18 / Allies) jayspence24: fuck u
(09:30 / Allies) Swandeath: shut the fuck up it's an am item
(12:32 / All) Swandeath: holy fuck
(12:33 / Allies) jayspence24: dk!!!!
(12:33 / All) Swandeath: it's 2014 dude
(14:16 / All) tinker-bot-top: level 6 already
(14:17 / All) tinker-bot-top: wtf
(14:29 / All) Swandeath: I easily outmicroing these noobs
(14:31 / All) jayspence24: creep jack me 2x
(14:43 / All) jayspence24: lol and hes pro at mirco
(17:32 / All) Swandeath: my tp was free, how much was yours green?
(17:36 / All) JustStrolling: lol love the hack fest
(17:42 / All) Swandeath: hack fest?
(17:43 / All) Swandeath: what? lol
(17:49 / All) Swandeath: I GOT RAPED IT MUST BE HAX!
(18:09 / All) JustStrolling: cute..
(18:51 / All) JustStrolling: lol oh im not hacking at all huh?
(18:56 / All) Swandeath: how am I hacking? lol
(19:17 / All) Swandeath: do you think mass tp is hack?
(19:34 / Allies) jayspence24: no aa.....
(19:34 / All) Swandeath: have you never seen that spell before? maybe you don't get to level 6 often?
(19:43 / All) JustStrolling: no just you knowing where everything is
(19:58 / All) jayspence24: green yellow is ass
(19:58 / All) Swandeath: ???????? i know where your base is that's all I need to know
(20:05 / All) Swandeath: you're dead teal, leave please
(20:15 / Allies) jayspence24: yellow im just kidding chill lol
(20:15 / All) Swandeath: help me kill teal
(20:19 / Allies) Swandeath: apologise then
(20:21 / Allies) Swandeath: and give me all your gold
(20:23 / Allies) Swandeath: and I let you live
(20:31 / Allies) Swandeath: give me all your gold
(20:33 / Allies) Swandeath: and say sorry
(20:34 / Allies) jayspence24: but yellow i love u
(20:34 / Allies) Swandeath: then you live
(20:35 / Allies) Swandeath: ok?
(20:39 / Allies) Swandeath: then if you love me give me 3k
(20:44 / Allies) Swandeath: give me all your gold and you live
(20:47 / Allies) Swandeath: don't and you die
(20:48 / Allies) Swandeath: ok?
(21:04 / Allies) jayspence24: but relationships are 50/50 yellow
(21:10 / Allies) Swandeath: give me
(21:13 / Allies) Swandeath: all your gold
(21:18 / All) JustStrolling: then turn off the hack if you dont like the lag
(21:23 / All) Swandeath: lmao
(22:03 / Allies) jayspence24: soooo no aa?
(22:25 / Allies) jayspence24: ?
(23:45 / All) Swandeath: nice castle green
(28:46 / All) tinker-bot-top: did have tK????
(28:47 / All) jayspence24: lol yellow rage tker lmaooooooo
(28:50 / All) Swandeath: yes
(28:51 / All) Swandeath: I did
(29:36 / All) jayspence24: lol faggot yellow take that dick out your ass
(29:52 / All) Swandeath: Which team gets the loss?
(29:54 / All) Swandeath: I disliked teal
(29:58 / All) Swandeath: The rest of my team was unremarkable
(30:06 / All) Swandeath: Green was a bit of a cuntmuncher too
(30:31 / All) Swandeath: Yo Jake
(30:34 / All) Swandeath: Which side gets the loss?
(30:36 / All) tinker-bot-top: yd
(30:41 / All) Swandeath: yd?
(30:43 / All) tinker-bot-top: i dont care both pple sucked
(30:48 / All) Swandeath: k
(30:52 / All) Swandeath: I say green gets the loss then